 Dungeon Crawl Stone Soup version 0.23-a0-899-gbbae0a3 (webtiles) character file.

Game seed: 534957788688523296

16694 ohad the Basher (level 12, 0/122 HPs)
             Began as an Ogre Berserker on Jan 29, 2019.
             Was a High Priest of Trog.
             Slain by a torpor snail (3 damage)
             ... on level 1 of the Lair of Beasts.
             The game lasted 00:39:37 (17989 turns).

ohad the Basher (Ogre Berserker)                   Turns: 17989, Time: 00:39:38

Health: 0/122      AC:  6    Str: 24    XL:     12   Next: 40%
Magic:  14/14      EV:  9    Int:  8    God:    Trog [*****.]
Gold:   577        SH:  0    Dex: 12    Spells: 11/11 levels left

rFire    x . .     SeeInvis .   Q - +4 great mace
rCold    + . .     Gourm    .   (shield currently unavailable)
rNeg     . . .     Faith    .   X - +0 steam dragon scales
rPois    .         Spirit   .   (helmet restricted)
rElec    .         Reflect  .   (no cloak)
rCorr    .         Harm     .   (gloves unavailable)
MR       +++..                  (boots unavailable)
Stlth    +.........             F - amulet of regeneration
HPRegen  1.70/turn              b - ring of ice
MPRegen  0.14/turn              (no ring)

@: regenerating, slowed, extremely drained, very slow
A: large, unfitting armour, tough skin 1
a: Berserk, Trog's Hand, Brothers in Arms, Renounce Religion


You were on level 1 of the Lair of Beasts.
You worshipped Trog.
Trog was extremely pleased with you.
You were not hungry.

You visited 2 branches of the dungeon, and saw 11 of its levels.

You collected 577 gold pieces.

Inventory:

Hand Weapons
 e - the +5 broad axe "Awki" {elec, Str+9 Int-3 Dex+7 Stlth-}
   (You took it off an orc wizard on level 9 of the Dungeon)

   Occasionally, upon striking a foe, it will discharge some electrical energy
   and cause terrible harm.
   It affects your strength (+9).
   It affects your intelligence (-3).
   It affects your dexterity (+7).
   It makes you less stealthy.
 u - the cursed +2 glaive of Saripnix {flame, Dex+4}
   (You took it off an orc wizard on level 9 of the Dungeon)

   It has been specially enchanted to burn those struck by it, causing extra
   injury to most foes and up to half again as much damage against particularly
   susceptible opponents.
   Big, fiery blades are also staple armaments of hydra-hunters.
   It affects your dexterity (+4).
   It has a curse placed upon it.
 x - a +0 lajatang
 y - a +0 giant spiked club
 z - a +1 hunting sling of flaming
 B - a +2 dire flail of protection
 C - a +0 vampiric whip
 H - a +0 giant club
 J - a +0 flail of protection
 N - a +0 flail of protection
 O - a +0 hand axe of flaming
 Q - a +4 great mace (weapon)
 Y - the cursed +3 trident of Eveilod {antimagic, rElec Dex+2}
   (You took it off a wight on level 9 of the Dungeon)

   It reduces the magical energy of the wielder, and disrupts the spells and
   magical abilities of those hit.
   Natural abilities and divine invocations are not affected.
   It affects your dexterity (+2).
   It insulates you from electricity.
   It has a curse placed upon it.
Missiles
 a - 3 steel tomahawks
 h - a throwing net
 j - 16 poisoned needles
 I - 13 tomahawks
 V - 4 javelins of penetration (quivered)
Armour
 X - +0 steam dragon scales (worn)
Jewellery
 b - a ring of ice (left hand)
 F - an amulet of regeneration (around neck)
 G - an uncursed amulet of the acrobat {unknown}
 R - the ring of Vemur {rElec rF- MP+9 Int+3 Dex+3}
   (You took it off a death knight on level 9 of the Dungeon)

   [ring of magical power]

   It affects your intelligence (+3).
   It affects your dexterity (+3).
   It makes you vulnerable to fire.
   It insulates you from electricity.
   It affects your magic capacity (+9).
 Z - the macabre finger necklace {rN+}
   (You took it off an orc wizard on level 9 of the Dungeon)

   [amulet of nothing]

   It protects you from negative energy.
Wands
 p - a wand of digging (5)
 v - a wand of paralysis (7)
 E - a wand of acid (17)
 L - a wand of polymorph (17)
 U - a wand of iceblast (6)
Scrolls
 f - a scroll of magic mapping
 l - a scroll of fear
 m - 2 scrolls of amnesia
 n - 2 scrolls of enchant weapon {unknown}
 o - 5 scrolls of remove curse
 q - 2 scrolls of teleportation
 w - 2 scrolls of enchant armour {unknown}
 A - 2 scrolls of blinking
 M - a scroll of random uselessness {unknown}
 P - a scroll of fog {unknown}
 S - a scroll of torment {unknown}
 T - a scroll of summoning {unknown}
Potions
 g - a potion of brilliance
 i - a potion of ambrosia
 k - a potion of flight
 r - 2 potions of curing
 s - 3 potions of degeneration
 t - 2 potions of lignification
 D - a potion of heal wounds
 K - a potion of haste {unknown}
 W - a potion of invisibility
Comestibles
 c - 31 rations


   Skills:
 - Level 8.9(1.0) Fighting
 - Level 13.8(4.9) Maces & Flails
 - Level 4.4(0.0) Throwing
 - Level 2.3(0.0) Armour
 + Level 8.9(1.0) Dodging
 - Level 2.8(0.0) Evocations


You had 11 spell levels left.
You didn't know any spells.
Your spell library was empty.

Dungeon Overview and Level Annotations

Branches:
Dungeon (9/15)             Temple (0/1) D:7            Lair (2/6) D:9
    Orc (0/2) D:9
  Swamp: Lair:2-4    Shoals: Lair:2-4     Snake: Lair:2-4    Spider: Lair:2-4

Altars:
Ashenzari
Cheibriados
Dithmenos
Elyvilon
Fedhas
Gozag
Hepliaklqana
Kikubaaqudgha
Makhleb
Nemelex Xobeh
Okawaru
Qazlal
Ru
Vehumet
Wu Jian
The Shining One

Annotations:
D:9 1 runed translucent door
Lair:1 Sonja


Innate Abilities, Weirdness & Mutations

You are too large for most types of armour.
You have tough skin. (AC +1)


Message History

The yak gores you! The yak gores you but does no damage.
Your ogre hits the yak with a +0 giant club!!
The yak gores you. The yak gores you but does no damage.
The torpor snail bites you.
You hit the torpor snail.
The torpor snail is severely wounded.
The yak barely misses you. The yak gores you!
Your ogre closely misses the yak.
The torpor snail bites you!
* * * LOW HITPOINT WARNING * * *
The yak gores you but does no damage. The yak gores you!
* * * LOW HITPOINT WARNING * * *
Your ogre closely misses the yak.
Your skin crawls.
You feel resistant to hostile enchantments.
You feel somewhat more hungry. The yak gores you!
* * * LOW HITPOINT WARNING * * *
The yak gores you!
* * * LOW HITPOINT WARNING * * *
The torpor snail bites you.
You die...

#.............#
#...#.#######.##
##...#..........###
#..#..#.######..##.
####...#.......#.##..
##.#.#.#.##.....#.##..
#...........#.#.......
##...w...#.##.#.#.#.##
#...Y@........#....##
###..Y†...#.#########
#....O.....##
#.#.......###
##...........#
#P.#.#.#.#.#.#
##...#..###..##
#..........#.##
#.########....#


You could see a torpor snail, 2 yaks and a friendly ogre (berserk).

Vanquished Creatures
  Harold (D:7)
  A hydra (Lair:1)
  A death knight (D:9)
  3 two-headed ogres (D:9)
  A faun (shapeshifter) (D:9)
  A gargoyle (D:9)
  3 spiny frogs (Lair:1)
  A komodo dragon (D:6)
  A queen bee (Lair:1)
  A troll (D:9)
  A slime creature (D:9)
  A hippogriff (D:9)
  8 yaks
  2 hogs (D:8)
  A human (D:8)
  3 basilisks
  2 steam dragons (D:9)
  Menkaure (D:5)
  Edmund (D:5)
  6 porcupines
  Duvessa (D:6)
  An ice beast (D:9)
  2 phantoms
  3 orc warriors
  A sky beast (D:6)
  A black bear (D:8)
  5 necrophages (D:9)
  5 ogres
  3 centaurs
  5 crocodiles
  7 bullfrogs
  A water moccasin zombie (D:9)
  Dowan (D:6)
  A wyvern skeleton (D:7)
  5 scorpions
  A water moccasin skeleton (D:5)
  33 killer bees
  5 wights (D:9)
  A howler monkey (D:9)
  A centaur zombie (D:9)
  2 crimson imps
  A quasit (D:9)
  2 jellies
  4 bullfrog zombies
  6 hounds
  6 orc priests
  2 bullfrog skeletons (D:9)
  A gnoll shaman (D:8)
  4 iguanas
  10 orc wizards
  11 worker ants
  A killer bee zombie (D:9)
  4 hound zombies
  2 mummies (D:9)
  Robin (D:3)
  2 worker ant zombies
  6 adders
  6 gnolls
  2 oozes
  An adder zombie (D:9)
  A worm (D:3)
  A dart slug (D:1)
  8 leopard geckos
  38 orcs
  6 giant cockroaches
  25 goblins
  6 hobgoblins
  11 jackals
  11 kobolds
  6 quokkas
  A ball python (D:4)
  5 bats
  2 frilled lizards
  3 leopard gecko skeletons
  10 rats
331 creatures vanquished.

Vanquished Creatures (collateral kills)
  A hydra (Lair:1)
  A yak (Lair:1)
  A basilisk (Lair:1)
  A hound (D:5)
4 creatures vanquished.

Vanquished Creatures (others)
  A bush (D:9)
  6 fungi
  17 plants
  6 withered plants (D:9)
30 creatures vanquished.

Grand Total: 365 creatures vanquished

Notes
Turn   | Place    | Note
-------+----------+-------------------------------------------
     0 | D:1      | ohad the Ogre Berserker began the quest for the Orb.
     0 | D:1      | Reached XP level 1. HP: 24/24 MP: 1/1
   295 | D:1      | Reached skill level 3 in Maces & Flails
   317 | D:1      | Reached XP level 2. HP: 31/32 MP: 2/2
   813 | D:1      | Reached XP level 3. HP: 36/39 MP: 3/3
  1106 | D:1      | Reached ** piety under Trog
  1142 | D:1      | Reached skill level 4 in Maces & Flails
  1726 | D:2      | Reached XP level 4. HP: 27/48 MP: 4/4
  1854 | D:2      | Found an iron altar of Okawaru.
  2808 | D:3      | Found an opulent altar of Gozag.
  3122 | D:3      | Reached skill level 5 in Maces & Flails
  3122 | D:3      | Reached XP level 5. HP: 42/54 MP: 5/5
  4082 | D:3      | Found a hazy altar of Hepliaklqana.
  4115 | D:3      | Found a blossoming altar of Fedhas.
  4380 | D:3      | Reached *** piety under Trog
  4450 | D:3      | Noticed Robin
  4472 | D:3      | Killed Robin
  4721 | D:4      | Found a shadowy altar of Dithmenos.
  4957 | D:4      | Noticed an ogre
  4963 | D:4      | Killed an ogre
  4963 | D:4      | Reached skill level 6 in Maces & Flails
  4963 | D:4      | Reached XP level 6. HP: 53/62 MP: 6/6
  5433 | D:4      | Found a snail-covered altar of Cheibriados.
  5451 | D:4      | Reached skill level 7 in Maces & Flails
  5451 | D:4      | Reached XP level 7. HP: 56/70 MP: 7/7
  6385 | D:5      | Entered Level 5 of the Dungeon
  6538 | D:4      | Reached **** piety under Trog
  6689 | D:5      | Noticed Menkaure
  6951 | D:5      | Killed Menkaure
  6951 | D:5      | Reached skill level 8 in Maces & Flails
  6999 | D:5      | Found an ancient bone altar of Kikubaaqudgha.
  7349 | D:5      | Reached XP level 8. HP: 68/78 MP: 8/8
  7587 | D:5      | Found a burning altar of Makhleb.
  7591 | D:5      | Noticed Edmund
  7608 | D:5      | Killed Edmund
  7616 | D:5      | Reached skill level 9 in Maces & Flails
  8197 | D:5      | Found a sparkling altar of Nemelex Xobeh.
  8214 | D:5      | Found a white marble altar of Elyvilon.
  8576 | D:6      | Noticed Dowan
  8577 | D:6      | Noticed Duvessa
  8603 | D:6      | Killed Dowan
  8685 | D:6      | Reached skill level 5 in Dodging
  8708 | D:6      | Noticed a komodo dragon
  8756 | D:6      | Killed a komodo dragon
  8923 | D:6      | Killed Duvessa
  8923 | D:6      | Reached XP level 9. HP: 75/84 MP: 9/9
  9102 | D:6      | Found a glowing golden altar of the Shining One.
  9229 | D:6      | Found a sacrificial altar of Ru.
  9365 | D:6      | Found a shattered altar of Ashenzari.
  9827 | D:7      | Reached skill level 5 in Fighting
 10061 | D:7      | Noticed Harold
 10071 | D:7      | Killed Harold
 10472 | D:7      | Found a radiant altar of Vehumet.
 11016 | D:7      | Found a staircase to the Ecumenical Temple.
 11178 | D:7      | Reached XP level 10. HP: 98/106 MP: 10/10
 11308 | D:8      | Reached skill level 10 in Maces & Flails
 11678 | D:8      | Reached skill level 11 in Maces & Flails
 12719 | D:9      | Reached ***** piety under Trog
 12728 | D:9      | Received a gift from Trog
 12909 | D:9      | Found a shadowy altar of Dithmenos.
 12927 | D:9      | Found a stormy altar of Qazlal.
 13103 | D:9      | Found an ornate altar of the Wu Jian Council.
 13339 | D:9      | Noticed a two-headed ogre
 13352 | D:9      | Reached skill level 1 in Armour
 13600 | D:9      | Reached XP level 11. HP: 113/113 MP: 11/11
 13635 | D:9      | Found a staircase to the Orcish Mines.
 13669 | D:9      | Reached skill level 1 in Throwing
 13941 | D:9      | Found a runed translucent door.
 14051 | D:9      | Noticed a two-headed ogre
 14066 | D:9      | Killed a two-headed ogre
 14479 | D:9      | Noticed a two-headed ogre
 14490 | D:9      | Killed a two-headed ogre
 14562 | D:9      | Received a gift from Trog
 14579 | D:9      | Identified the ring of Vemur {rElec rF- MP+9 Int+3 Dex+3}
 14579 | D:9      | Noticed a death knight
 14587 | D:9      | Noticed a death drake
 14588 | D:9      | Noticed a faun
 14588 | D:9      | a death drake changed into a faun
 14590 | D:9      | Killed a death knight
 14600 | D:9      | Killed a faun
 14600 | D:9      | Reached skill level 12 in Maces & Flails
 14837 | D:9      | Identified the cursed +3 trident of Eveilod {antimagic,
                  | rElec Dex+2}
 14837 | D:9      | Identified the +5 broad axe "Awki" {elec, Str+9 Int-3 Dex+7
                  | Stlth-}
 14847 | D:9      | Noticed a four-headed hydra
 15242 | D:9      | Killed a two-headed ogre
 15285 | D:9      | Found a staircase to the Lair.
 15541 | D:9      | Reached skill level 1 in Evocations
 15827 | D:9      | Identified the cursed +2 glaive of Saripnix {flame, Dex+4}
 16007 | Lair:1   | Entered Level 1 of the Lair of Beasts
 16185 | Lair:1   | Reached XP level 12. HP: 122/122 MP: 14/14
 16206 | Lair:1   | Reached skill level 13 in Maces & Flails
 16437 | Lair:1   | Noticed a five-headed hydra
 16443 | Lair:1   | Killed a five-headed hydra
 16584 | Lair:1   | Noticed a six-headed hydra
 16607 | Lair:1   | Killed a six-headed hydra
 17831 | Lair:2   | Noticed Sonja
 17989 | Lair:1   | HP: 3/122 [yak[a torpor snail] (10)]
 17989 | Lair:1   | Slain by a torpor snail

Vault maps used:
D:1:      dpeg_arrival_chambers_temple_mockup
D:2:      wad_lake_hut, lemuel_coloured_pillars_altar
D:3:      kennysheep_goblin_castle,
          nicolae_gozag_cash_rules_everything_around_me,
          overflow_temple_1_default, fedhas_altar_4, first_ration,
          minmay_bisected
D:4:      old_standard_altar, nicolae_dithmenos_the_darkroom
D:5:      kennysheep_mini_moat, nicolae_overflow_crystal_walls,
          lemuel_round_altar, bloody_makhleb, uniq_menkaure, uniq_edmund
D:6:      nicolae_ru_path_of_blood, nicolae_tso_swordbearing_angel,
          kennysheep_mini, minmay_misc_feat_ornament, uniq_duvessa
D:7:      overflow_temple_1_default, minmay_temple_entry_antechambers,
          uniq_harold
D:8:      grunt_livestock, dk_noncrumbling_3, chequers_serial_rivers_small_a
D:9:      minmay_the_grid_triangle_9x9_rhombus_full,
          nicolae_qazlal_style_of_elements, nicolae_overflow_hidden_temple,
          old_standard_altar, minmay_lair_entry_grove, serial_undead,
          serial_undead_b, serial_undead_a, serial_undead_a, serial_undead_a,
          serial_undead_f, serial_undead_e, serial_undead_f
Lair:1:   st_stairs_4, minivault_25
Lair:2:   serial_bayou_pond_b, serial_bayou_shore_b, grunt_megastairs_1,
          uniq_sonja

Skill      XL: |  1  2  3  4  5  6  7  8  9 10 11 12 |
---------------+-------------------------------------+-----
Maces & Flails | 3 4 5 6 7 8 9 11 12 13 | 13.8
Dodging        | 6 8 |  8.9
Fighting       | 8 |  8.9
Armour         | 2 |  2.3
Throwing       | 4 |  4.4
Evocations     | 2 |  2.8

Action                   |  1- 3 |  4- 6 |  7- 9 | 10-12 || total
-------------------------+-------+-------+-------+-------++-------
Melee: Mace              |   151 |   120 |       |       ||   271
       Flail             |       |    86 |       |       ||    86
       Giant spiked club |       |    47 |   104 |       ||   151
       Dire flail        |       |       |   247 |   358 ||   605
       Great mace        |       |       |       |   261 ||   261
Throw: Tomahawk          |       |       |     1 |       ||     1
       Javelin           |       |       |       |     2 ||     2
Invok: Trog's Hand       |     1 |     1 |     2 |     6 ||    10
       Berserk           |       |     1 |     7 |     9 ||    17
       Brothers in Arms  |       |       |     2 |     2 ||     4
Evoke: Wand              |       |       |       |     1 ||     1
  Use: Potion            |       |       |     8 |     3 ||    11
       Scroll            |       |       |     7 |     4 ||    11
  Eat: Chunk             |     3 |    14 |    19 |    20 ||    56
       Ration            |       |       |     2 |     4 ||     6
Armor: Animal skin       |    39 |    59 |   100 |    68 ||   266
       Skin              |       |       |    15 |       ||    15
       Steam dragon scal |       |       |       |   119 ||   119
Dodge: Dodged            |    85 |   156 |   223 |   473 ||   937

Table legend:
 A = Non-vault XP
 B = Vault XP
 C = Vault XP percentage of total XP
 D = Non-vault monster count
 E = Vault monster count
 F = Vault count percentage of total count
                 A         B        C        D         E       F
            +---------+---------+-------+---------+---------+-------
      Total |   11253 |   12596 |  52.8 |     227 |     108 |  32.2
            +---------+---------+-------+---------+---------+-------
        D:1 |      52 |       0 |   0.0 |      27 |       0 |   0.0
        D:2 |      47 |       0 |   0.0 |      16 |       0 |   0.0
        D:3 |     125 |      78 |  38.4 |      28 |      26 |  48.1
        D:4 |     490 |       0 |   0.0 |      25 |       0 |   0.0
        D:5 |     441 |     326 |  42.5 |      16 |       2 |  11.1
        D:6 |     909 |     202 |  18.2 |      21 |       2 |   8.7
        D:7 |    1129 |     987 |  46.6 |      28 |       1 |   3.4
        D:8 |    1582 |    2026 |  56.2 |      28 |      10 |  26.3
        D:9 |    2505 |    7004 |  73.7 |      25 |      40 |  61.5
     Lair:1 |    3973 |    1973 |  33.2 |      13 |      27 |  67.5
            +---------+---------+-------+---------+---------+-------
